AoeStats
← KOSOVAR

Arabia

508684312Analyzed
1v1 RM · 10d ago on Sep 23, 2026· 41m 41s· 2 players
Game mode
Random Map
Map size
Tiny (2 player)
Population
200
Speed
Normal
Resources
Standard
Victory
Conquest
Starting age
Dark Age
Ending age
Imperial Age
RankedLock teamsTeams togetherTeam positionsShared explorationLock speedFull tech treeHidden civsTurbo modeCheats
Victory
Defeat
🇪🇸 Koreans · Spain
652
+14
🇧🇷 Goths · Brazil
606
-14
BELTRA
6:45 Loom
10:05 Feudal Age
15:59 Double-Bit Axe
20:59 Castle Age
19:14 Man-at-Arms
22:31 Forging
22:22 Scale Mail Armor
27:13 Chain Mail Armor
27:35 Iron Casting
35:05 Horse Collar
35:38 Bow Saw
36:50 Town Watch
37:41 Wheelbarrow
KOSOVAR
6:41 Loom
11:39 Feudal Age
13:38 Double-Bit Axe
20:22 Castle Age
18:46 Fletching
18:41 Horse Collar
19:06 Gold Mining
25:23 Bodkin Arrow
25:53 Forging
25:43 Scale Mail Armor
26:08 Arson
27:21 Wheelbarrow
38:53 Imperial Age
39:56 Conscription
39:07 Elite Fire Lancer
Connection lost

Rejoining the realm…

Still unreachable

The connection could not be restored.

Session expired

The server has moved on; the page needs a fresh start.